[Event "ICC tourney 2260 (3 2)"]
[Site "Internet Chess Club"]
[Date "2020.12.31"]
[Round "11"]
[White "VirginiaGuy"]
[Black "crazyhorse9"]
[Result "0-1"]
[ICCResult "White resigns"]
[WhiteElo "1371"]
[BlackElo "1462"]
[Opening "King's Indian: East Indian defense"]
[ECO "A48"]
[NIC "QP.06"]
[Time "14:52:29"]
[PlyCount "62"]
[TimeControl "180+2"]

1. d4 Nf6 2. Nf3 g6 3. e3 Bg7 4. Bd3 d6 5. b3 Nc6 6. Bb2 O-O 7. a3 Nd7 8.
O-O Re8 9. e4 e5 10. d5 Ne7 11. c4 Nc5 12. Bc2 f5 13. Nc3 f4 14. Re1 Nd7
15. Ng5 Nf6 16. Nf3 h6 17. Nb5 a6 18. Nc3 g5 19. Qd2 Ng6 20. Kf1 g4 21. Ng1
Nh5 22. Nge2 Qh4 23. Kg1 f3 24. Ng3 fxg2 25. Kxg2 Nhf4+ 26. Kg1 Nh3+ 27.
Kg2 Ngf4+ 28. Kh1 Ng5 29. Bd1 Qh3 30. Rg1 Rf8 31. Qe1 Nd3 { White resigns }
0-1

[Event "ICC tourney 2260 (3 2)"]
[Site "Internet Chess Club"]
[Date "2020.12.31"]
[Round "11"]
[White "stephenwilly"]
[Black "VincentT2008"]
[Result "1-0"]
[ICCResult "Black forfeits on time"]
[WhiteElo "1496"]
[BlackElo "1743"]
[Opening "Giuoco Pianissimo: Canal variation"]
[ECO "C55"]
[NIC "IG.01"]
[Time "14:51:47"]
[PlyCount "69"]
[TimeControl "180+2"]

1. e4 e5 2. Nf3 Nc6 3. Bc4 Nf6 4. d3 Bc5 5. Nc3 d6 6. Bg5 h6 7. Bh4 g5 8.
Bg3 Be6 9. h4 g4 10. Bxe6 fxe6 11. Nd2 Qd7 12. Nb3 Bb6 13. a4 a6 14. Ne2
O-O-O 15. Nd2 d5 16. exd5 exd5 17. c4 Rhe8 18. Qb3 Nd4 19. Nxd4 exd4+ 20.
Kf1 dxc4 21. Nxc4 Ba7 22. Rc1 Qd5 23. Nb6+ Bxb6 24. Qxb6 Kb8 25. Rxc7 Ka8
26. Qxf6 Qb3 27. Rc1 Qxd3+ 28. Kg1 Qd2 29. Kh2 d3 30. Rhe1 Rf8 31. Qb6 Rc8
32. Re7 Rb8 33. Bxb8 Rxb8 34. Rcc7 Qf4+ 35. Kg1 { Black forfeits on time }
1-0

[Event "ICC tourney 2260 (3 2)"]
[Site "Internet Chess Club"]
[Date "2020.12.31"]
[Round "11"]
[White "LuckyNessLover"]
[Black "PearsonH"]
[Result "1/2-1/2"]
[ICCResult "Game drawn because neither player has mating material"]
[WhiteElo "1655"]
[BlackElo "1756"]
[Opening "French defense"]
[ECO "C00"]
[NIC "FR.01"]
[Time "14:51:55"]
[PlyCount "99"]
[TimeControl "180+2"]

1. e4 e6 2. Nf3 d5 3. exd5 exd5 4. d4 Bd6 5. c4 Nf6 6. Nc3 dxc4 7. Bxc4 O-O
8. O-O Bg4 9. h3 Bh5 10. Re1 Nbd7 11. Bg5 Re8 12. Qd3 Bg6 13. Qd2 Rxe1+ 14.
Rxe1 c6 15. Bd3 Bxd3 16. Qxd3 Qc7 17. Ne4 Nxe4 18. Qxe4 h6 19. Be7 Nb6 20.
Bxd6 Qxd6 21. Qe7 Qxe7 22. Rxe7 Rb8 23. Ne5 f6 24. Nd7 Nxd7 25. Rxd7 Kh7
26. f4 a6 27. g4 b5 28. Rc7 Rb6 29. Kf2 Kg6 30. f5+ Kh7 31. b4 a5 32. a3
axb4 33. axb4 Ra6 34. Kf3 Ra4 35. Rxc6 Rxb4 36. Ke4 Rb3 37. h4 b4 38. d5
Rb1 39. d6 Rd1 40. Rb6 b3 41. Rxb3 Rxd6 42. Rd3 Rxd3 43. Kxd3 h5 44. Ke4
hxg4 45. Kf4 Kh6 46. Kxg4 g6 47. fxg6 Kxg6 48. h5+ Kh6 49. Kf5 Kxh5 50.
Kxf6 { Game drawn because neither player has mating material } 1/2-1/2

[Event "ICC tourney 2260 (3 2)"]
[Site "Internet Chess Club"]
[Date "2020.12.31"]
[Round "11"]
[White "realFreddyWeddy"]
[Black "kurohaze"]
[Result "1/2-1/2"]
[ICCResult "Game drawn by mutual agreement"]
[WhiteElo "1104"]
[BlackElo "1168"]
[Opening "French: exchange variation"]
[ECO "C01"]
[NIC "FR.01"]
[Time "14:51:49"]
[PlyCount "87"]
[TimeControl "180+2"]

1. e4 e6 2. d4 d5 3. exd5 exd5 4. Nf3 Nf6 5. Bg5 Be7 6. Bd3 O-O 7. O-O Be6
8. c3 Nbd7 9. Nbd2 c5 10. Re1 a6 11. a4 c4 12. Bc2 b5 13. axb5 axb5 14. Qe2
Nb6 15. Ne5 Qd6 16. Bh4 Na4 17. Bxa4 bxa4 18. Bg3 Qb6 19. Reb1 Qb7 20. Ndf3
g6 21. Bh4 Bf5 22. Re1 Rfe8 23. Qd2 Ne4 24. Qh6 Bxh4 25. Qxh4 f6 26. Ng4
Bxg4 27. Qxg4 Qxb2 28. Qd7 Qxf2+ 29. Kh1 Red8 30. Qe6+ Kg7 31. Qe7+ Kh6 32.
Qe6 f5 33. Qe7 Qc2 34. Rxe4 Qxe4 35. Qg5+ Kg7 36. Re1 h6 37. Qg3 Qd3 38.
Qe5+ Kg8 39. Qe6+ Kh7 40. Qf7+ Kh8 41. Qf6+ Kg8 42. Qxg6+ Kf8 43. Qxh6+ Kf7
44. Qh7+ { Game drawn by mutual agreement } 1/2-1/2

[Event "ICC tourney 2260 (3 2)"]
[Site "Internet Chess Club"]
[Date "2020.12.31"]
[Round "11"]
[White "TacoCat"]
[Black "ThirstyMonster"]
[Result "1-0"]
[ICCResult "Black checkmated"]
[WhiteElo "1882"]
[BlackElo "1283"]
[Opening "Nimzo-Indian: classical, Noa variation"]
[ECO "E34"]
[NIC "NI.23"]
[Time "14:52:05"]
[PlyCount "119"]
[TimeControl "180+2"]

1. d4 Nf6 2. c4 e6 3. Nc3 Bb4 4. Qc2 d5 5. e3 c5 6. Nf3 cxd4 7. exd4 Nc6 8.
a3 Bxc3+ 9. bxc3 h6 10. cxd5 exd5 11. Bd3 O-O 12. O-O Bg4 13. Ne5 Be6 14.
Bf4 Rc8 15. Rab1 Nxd4 16. Qd2 Nc6 17. Rxb7 Rc7 18. Rxc7 Qxc7 19. Ng6 Qa5
20. Nxf8 Kxf8 21. Bd6+ Kg8 22. Bb4 Qb6 23. Rb1 Ne4 24. Bxe4 dxe4 25. Qe3
Qxe3 26. fxe3 Bc4 27. Bc5 a6 28. Rb6 Ne5 29. Bd4 Ng6 30. Rb4 Bd3 31. c4 Ne7
32. c5 Bb5 33. a4 Bd3 34. Rb8+ Kh7 35. Rb7 Nf5 36. Rxf7 Kg6 37. Rd7 Bc2 38.
Ra7 Bd3 39. c6 Nxd4 40. exd4 e3 41. c7 Bf5 42. Rxa6+ Kg5 43. Ra5 e2 44.
Rxf5+ Kxf5 45. Kf2 Ke4 46. c8=Q Kd3 47. Qf5+ Kd2 48. Qe4 e1=Q+ 49. Qxe1+
Kd3 50. d5 Kc4 51. d6 Kb3 52. d7 Ka3 53. d8=Q Ka2 54. Qdd2+ Ka3 55. Qee3+
Kxa4 56. Qdd4+ Kb5 57. Qee5+ Kc6 58. Qdd6+ Kb7 59. Qee7+ Kc8 60. Qdd8# {
Black checkmated } 1-0

[Event "ICC tourney 2260 (3 2)"]
[Site "Internet Chess Club"]
[Date "2020.12.31"]
[Round "11"]
[White "JensenUVA"]
[Black "Kinawa"]
[Result "1-0"]
[ICCResult "Black checkmated"]
[WhiteElo "1516"]
[BlackElo "1535"]
[Opening "Budapest: Rubinstein variation"]
[ECO "A52"]
[NIC "QG.01"]
[Time "14:51:38"]
[PlyCount "119"]
[TimeControl "180+2"]

1. d4 Nf6 2. c4 e5 3. dxe5 Ng4 4. Bf4 Nc6 5. Nf3 Bb4+ 6. Nc3 Bxc3+ 7. bxc3
Qe7 8. Qd5 f6 9. exf6 Nxf6 10. Qd2 O-O 11. e3 d6 12. Bd3 Ne4 13. Qc2 Nf6
14. O-O Ne5 15. Nxe5 dxe5 16. Bg3 e4 17. Be2 Be6 18. Rad1 Rad8 19. Rd4 c5
20. Rxd8 Rxd8 21. Rd1 Rxd1+ 22. Qxd1 Qf7 23. Qa4 b6 24. f3 exf3 25. gxf3
Qb7 26. Kf2 Bf7 27. Qd1 Qe7 28. Qd6 Qxd6 29. Bxd6 a6 30. Bc7 Nd7 31. f4 Kf8
32. Bg4 Ke8 33. Bxd7+ Kxd7 34. Bxb6 Bxc4 35. Bxc5 Bxa2 36. Bb4 Bc4 37. e4
Ke6 38. Kf3 g6 39. h4 Bb3 40. Kg4 Kf6 41. e5+ Ke6 42. Kg5 Kf7 43. Kh6 Kg8
44. Ba5 Bc4 45. Kg5 Kf7 46. h5 gxh5 47. Kxh5 Ke6 48. Kg5 Bd3 49. Bb4 Bc4
50. Bd6 Bd3 51. Bc7 Bc2 52. c4 Bd3 53. c5 Bc2 54. Bd6 Be4 55. c6 Bxc6 56.
f5+ Kf7 57. e6+ Ke8 58. f6 Bd5 59. f7+ Kd8 60. f8=Q# { Black checkmated }
1-0

[Event "ICC tourney 2260 (3 2)"]
[Site "Internet Chess Club"]
[Date "2020.12.31"]
[Round "11"]
[White "falcongw"]
[Black "SuperBlueSky"]
[Result "1/2-1/2"]
[ICCResult "Game drawn by mutual agreement"]
[WhiteElo "1256"]
[BlackElo "1597"]
[Opening "Scotch gambit: Dubois-Réti defense"]
[ECO "C55"]
[NIC "KP.02"]
[Time "14:52:15"]
[PlyCount "120"]
[TimeControl "180+2"]

1. e4 e5 2. Nf3 Nc6 3. d4 exd4 4. Bc4 Nf6 5. e5 d5 6. exf6 dxc4 7. fxg7
Bxg7 8. Qe2+ Qe7 9. Qxe7+ Kxe7 10. Bg5+ Bf6 11. Bxf6+ Kxf6 12. O-O Bf5 13.
Na3 d3 14. Nh4 Be6 15. cxd3 cxd3 16. Nb5 Rac8 17. Nf3 a6 18. Nbd4 Nxd4 19.
Nxd4 Rcd8 20. Nxe6 Kxe6 21. Rac1 c6 22. Rfe1+ Kf6 23. Rc3 d2 24. Rd1 Rhe8
25. Re3 Rxe3 26. fxe3 Ke5 27. Kf2 Ke4 28. Ke2 Rd3 29. Rxd2 Rxe3+ 30. Kf2
Rd3 31. Re2+ Kd4 32. g4 Kd5 33. g5 Kd6 34. Kg2 Rd5 35. h4 Rd3 36. Rf2 Ke7
37. Re2+ Kf8 38. a3 b5 39. Rc2 Rd6 40. Kg3 Ke7 41. Kf4 Re6 42. h5 Rd6 43.
Re2+ Kf8 44. Kf5 c5 45. Re5 c4 46. Rc5 Rd2 47. Kf6 Rf2+ 48. Ke5 Rxb2 49.
Kf6 Rf2+ 50. Ke5 Re2+ 51. Kf6 Re6+ 52. Kf5 Kg7 53. Rc7 a5 54. Rc5 Rb6 55.
a4 b4 56. Rxc4 b3 57. Rc1 b2 58. h6+ Kf8 59. Rb1 Rb5+ 60. axb5 Ke7 { Game
drawn by mutual agreement } 1/2-1/2

[Event "ICC tourney 2260 (3 2)"]
[Site "Internet Chess Club"]
[Date "2020.12.31"]
[Round "11"]
[White "hartej"]
[Black "ritterfork"]
[Result "0-1"]
[ICCResult "White forfeits on time"]
[WhiteElo "1516"]
[BlackElo "1846"]
[Opening "Sicilian"]
[ECO "B50"]
[NIC "SI.01"]
[Time "14:51:32"]
[PlyCount "74"]
[TimeControl "180+2"]

1. e4 c5 2. Nf3 d6 3. c3 Nf6 4. e5 dxe5 5. Nxe5 e6 6. h3 Bd6 7. Nf3 O-O 8.
Be2 Nc6 9. d4 cxd4 10. Nxd4 Nxd4 11. Qxd4 b6 12. Bf3 Rb8 13. Bf4 Bxf4 14.
Qxf4 Ba6 15. Qe3 Nd5 16. Qd2 Qf6 17. Na3 Rfd8 18. Qc2 Qf4 19. Qe4 Qh6 20.
c4 Nf6 21. Qc2 Rbc8 22. O-O Qf4 23. Qc1 Qh4 24. b3 h6 25. Rd1 Nd7 26. Qe3
Nc5 27. Nc2 Qf6 28. Nb4 Bb7 29. Bxb7 Nxb7 30. Nd3 Rd4 31. Nb4 Rcd8 32. Rxd4
Qxd4 33. Qxd4 Rxd4 34. Nc6 Rd2 35. Nxa7 Nc5 36. Nc6 Nd3 37. f3 Nf4 { White
forfeits on time } 0-1

[Event "ICC tourney 2260 (3 2)"]
[Site "Internet Chess Club"]
[Date "2020.12.31"]
[Round "11"]
[White "Kokosnuss1000"]
[Black "Aahilvalliani"]
[Result "0-1"]
[ICCResult "White checkmated"]
[WhiteElo "1600"]
[BlackElo "813"]
[Opening "Sicilian: Marshall variation"]
[ECO "B41"]
[NIC "SI.43"]
[Time "14:52:07"]
[PlyCount "126"]
[TimeControl "180+2"]

1. e4 c5 2. Nf3 e6 3. d4 d5 4. Nc3 Nc6 5. Bb5 Ne7 6. O-O Bd7 7. dxc5 a6 8.
Bxc6 Nxc6 9. exd5 exd5 10. Re1+ Be6 11. Nxd5 Bxc5 12. Bg5 Qd7 13. a3 O-O
14. b4 Bxf2+ 15. Kxf2 Qxd5 16. Qxd5 Bxd5 17. Rad1 Be6 18. Ne5 Nxe5 19. Rxe5
Rfe8 20. Rd6 h6 21. Bh4 g5 22. Bg3 Rad8 23. Rxd8 Rxd8 24. b5 Rd2+ 25. Kf3
Rxc2 26. bxa6 bxa6 27. Ra5 Rc3+ 28. Ke4 Rc6 29. Be5 f5+ 30. Kd4 Kf7 31. Rc5
Rb6 32. Rc7+ Kg6 33. Rg7+ Kh5 34. h3 Rc6 35. Bf6 Rc4+ 36. Ke5 Re4+ 37. Kd6
Bc4 38. g4+ fxg4 39. hxg4+ Kxg4 40. Rh7 Re6+ 41. Kc5 Rxf6 42. Kxc4 h5 43.
Kc5 Rf3 44. Rd7 Rxa3 45. Rd4+ Kf5 46. Rd6 Kg4 47. Rd4+ Kf3 48. Kd5 g4 49.
Re4 h4 50. Re6 g3 51. Rh6 Ra4 52. Ke5 g2 53. Rg6 Rg4 54. Rxg4 Kxg4 55. Kd6
g1=Q 56. Kc6 a5 57. Kc7 h3 58. Kd7 h2 59. Kd8 h1=Q 60. Ke8 Qb7 61. Kf8 Kf4
62. Ke8 Qgg7 63. Kd8 Qgd7# { White checkmated } 0-1

[Event "ICC tourney 2260 (3 2)"]
[Site "Internet Chess Club"]
[Date "2020.12.31"]
[Round "11"]
[White "saisiva765"]
[Black "el008"]
[Result "1-0"]
[ICCResult "Black checkmated"]
[WhiteElo "1950"]
[BlackElo "1944"]
[Opening "Queen's pawn"]
[ECO "A40"]
[NIC "QO.17"]
[Time "14:51:39"]
[PlyCount "113"]
[TimeControl "180+2"]

1. d4 e6 2. Bf4 f5 3. e3 Nf6 4. Be2 Be7 5. Nd2 O-O 6. c4 d6 7. h3 Nbd7 8.
Ngf3 b6 9. Qb3 c5 10. O-O Bb7 11. Ng5 Re8 12. Nxe6 Qc8 13. d5 Nf8 14. Nxf8
Bxf8 15. Qc2 g6 16. Bd3 Qd8 17. e4 fxe4 18. Nxe4 Nxe4 19. Bxe4 Qf6 20. Bg3
Bg7 21. Rab1 Re7 22. Bd3 Rae8 23. Qd2 Bc8 24. Qf4 Qxf4 25. Bxf4 Be5 26. Bg5
Rf7 27. b4 Bd4 28. bxc5 Bxc5 29. Bh4 Ba6 30. Bg3 Rc7 31. Rfe1 Rce7 32. Kf1
Rxe1+ 33. Rxe1 Rxe1+ 34. Kxe1 Kf7 35. Kd2 Bc8 36. Be4 a5 37. Kd3 Ba6 38.
Kc3 Kg7 39. f4 Kf6 40. Bh4+ Kf7 41. f5 gxf5 42. Bxf5 h6 43. a4 Kg7 44. Kd3
Kf7 45. g4 Kg7 46. Be1 Kf6 47. h4 Bb7 48. Bc3+ Kf7 49. g5 hxg5 50. hxg5 Bc8
51. g6+ Kg8 52. Bxc8 Kf8 53. Be6 b5 54. g7+ Ke7 55. g8=Q Bd4 56. Qf7+ Kd8
57. Qd7# { Black checkmated } 1-0

[Event "ICC tourney 2260 (3 2)"]
[Site "Internet Chess Club"]
[Date "2020.12.31"]
[Round "11"]
[White "DFKnights"]
[Black "ekanshmehrotra"]
[Result "0-1"]
[ICCResult "White resigns"]
[WhiteElo "1802"]
[BlackElo "1843"]
[Opening "Réti opening"]
[ECO "A05"]
[NIC "QP.11"]
[Time "14:51:51"]
[PlyCount "136"]
[TimeControl "180+2"]

1. Nf3 Nf6 2. b3 d5 3. Bb2 c5 4. d3 Nc6 5. Nbd2 e6 6. g3 Bd6 7. Bg2 O-O 8.
O-O e5 9. Re1 h6 10. e4 d4 11. Nh4 Be6 12. Nc4 Bc7 13. Nf5 b5 14. Nd2 g6
15. Nh4 a5 16. Nf1 a4 17. Rb1 axb3 18. axb3 Ba5 19. Nd2 Bc3 20. Bxc3 dxc3
21. Nf1 b4 22. Ne3 Nd4 23. Nf3 Ra2 24. Nxe5 Qa8 25. N5c4 Bxc4 26. dxc4 Qa3
27. e5 Nd7 28. Be4 Nxe5 29. Nd5 Kg7 30. f4 Nd7 31. Ne3 Nb6 32. Bd3 Rb2 33.
Ra1 Ra2 34. Rc1 Ra8 35. Qg4 Qb2 36. Rb1 Ra1 37. Rbd1 Rxd1 38. Rxd1 Ra1 39.
f5 Rxd1+ 40. Qxd1 Nd7 41. fxg6 fxg6 42. Qg4 Qc1+ 43. Nf1 Ne5 44. Qe4 Qg5
45. h4 Nef3+ 46. Kg2 Qf6 47. Ne3 Ne1+ 48. Kh3 Nxd3 49. Qxd3 Qe6+ 50. Kg2
Qc6+ 51. Nd5 Qe6 52. Kf2 Qf5+ 53. Qxf5 gxf5 54. Ne3 Kf6 55. Kg2 Ke5 56. Kf2
Ke4 57. Ng2 Nxc2 58. Nf4 Na1 59. Ke2 Nxb3 60. Nd3 c2 61. h5 c1=Q 62. Nxc1
Nxc1+ 63. Kd2 Nb3+ 64. Kc2 Nd4+ 65. Kd2 Nf3+ 66. Kc2 Kd4 67. Kb3 Nd2+ 68.
Kc2 Nxc4 { White resigns } 0-1

[Event "ICC tourney 2260 (3 2)"]
[Site "Internet Chess Club"]
[Date "2020.12.31"]
[Round "11"]
[White "Supersamraat"]
[Black "sujashankar"]
[Result "0-1"]
[ICCResult "White checkmated"]
[WhiteElo "1548"]
[BlackElo "1691"]
[Opening "Queen's pawn: London system"]
[ECO "A45"]
[NIC "QP.07"]
[Time "14:52:11"]
[PlyCount "124"]
[TimeControl "180+2"]

1. d4 Nf6 2. Bf4 e6 3. e3 d5 4. c4 c5 5. dxc5 Bxc5 6. Nc3 Nc6 7. a3 O-O 8.
b4 Bb6 9. c5 Bc7 10. Bxc7 Qxc7 11. Nb5 Qd8 12. Nf3 b6 13. Qc2 bxc5 14. Qxc5
Bb7 15. Nd6 Ne4 16. Nxb7 Qc7 17. Qb5 a6 18. Qd3 Qxb7 19. Rc1 Rfc8 20. Be2
a5 21. b5 Na7 22. O-O Nc5 23. Qb1 Qd7 24. b6 Rab8 25. Rxc5 Rxc5 26. bxa7
Rxb1 27. a8=Q+ Rc8 28. Qxc8+ Qxc8 29. Rxb1 g6 30. h3 Qc2 31. Re1 Qb3 32.
Ra1 Qb2 33. Re1 Qxa3 34. Bb5 Qb4 35. Bf1 a4 36. Bd3 a3 37. Bb1 Qb2 38. Kf1
e5 39. Rd1 e4 40. Nd2 a2 41. Bxa2 Qxa2 42. Ke2 Kg7 43. Rc1 Qa3 44. Rc5 Qxc5
45. f3 exf3+ 46. Nxf3 Kf6 47. Nd4 Ke7 48. Kf3 f5 49. Kf4 Qc3 50. g4 fxg4
51. hxg4 Qe1 52. Nc6+ Kd6 53. Nd4 Qf2+ 54. Nf3 g5+ 55. Kxg5 Qxf3 56. Kh5
Qxe3 57. g5 d4 58. Kh6 d3 59. Kxh7 Qxg5 60. Kh8 Ke7 61. Kh7 Kf7 62. Kh8
Qh5# { White checkmated } 0-1

[Event "ICC tourney 2260 (3 2)"]
[Site "Internet Chess Club"]
[Date "2020.12.31"]
[Round "11"]
[White "hackerguru"]
[Black "dashrndrx1"]
[Result "1-0"]
[ICCResult "Black forfeits on time"]
[WhiteElo "1756"]
[BlackElo "1803"]
[Opening "Réti v Dutch"]
[ECO "A04"]
[NIC "QP.11"]
[Time "14:52:04"]
[PlyCount "133"]
[TimeControl "180+2"]

1. Nf3 f5 2. d4 Nf6 3. Bf4 g6 4. h4 h6 5. e3 Bg7 6. Bd3 d6 7. Nbd2 O-O 8.
Bc4+ d5 9. Bb3 c6 10. Ne5 Kh7 11. Qf3 Nbd7 12. h5 Nxe5 13. Bxe5 g5 14. c3
Ne4 15. Bxg7 Kxg7 16. O-O-O a5 17. Bc2 a4 18. a3 b5 19. Nxe4 fxe4 20. Qe2
Qd6 21. f3 exf3 22. gxf3 Qg3 23. Rdf1 e5 24. Rhg1 Qh3 25. f4 exf4 26. exf4
Qe6 27. Qxe6 Bxe6 28. fxg5 Rxf1+ 29. Rxf1 hxg5 30. h6+ Kg8 31. Rf6 Re8 32.
Rg6+ Kh8 33. Rxg5 Bg8 34. Kd2 Re6 35. h7 Bxh7 36. Rh5 Re7 37. Rh6 Kg8 38.
Bxh7+ Rxh7 39. Rxc6 Rh2+ 40. Kc1 Kf7 41. Rc5 Rh5 42. Rxb5 Ke6 43. Ra5 Kd6
44. Rxa4 Kc6 45. Ra6+ Kb5 46. Ra8 Kc4 47. Rc8+ Kd3 48. Kb1 Rh1+ 49. Ka2 Kc2
50. a4 Rb1 51. Rb8 Rh1 52. a5 Rh6 53. Rb6 Rh7 54. a6 Ra7 55. Ka3 Kd3 56.
Ka4 Kc4 57. Ka5 Kd3 58. Rb7 Ra8 59. a7 Kc4 60. Ka6 Rc8 61. Rc7+ Rxc7 62.
a8=Q Kd3 63. Qxd5 Kc2 64. b4 Kb2 65. b5 Ka3 66. b6 Rc8 67. b7 { Black
forfeits on time } 1-0

[Event "ICC tourney 2260 (3 2)"]
[Site "Internet Chess Club"]
[Date "2020.12.31"]
[Round "11"]
[White "local0928"]
[Black "hi321"]
[Result "1-0"]
[ICCResult "Black resigns"]
[WhiteElo "1785"]
[BlackElo "1433"]
[Opening "Giuoco Pianissimo"]
[ECO "C50"]
[NIC "IG.02"]
[Time "14:52:29"]
[PlyCount "81"]
[TimeControl "180+2"]

1. e4 e5 2. Nf3 Nc6 3. Bc4 Bc5 4. d3 h6 5. Nc3 Nf6 6. O-O d6 7. h3 g5 8.
Na4 g4 9. hxg4 Bxg4 10. Nxc5 dxc5 11. c3 Rg8 12. Kh1 Qd7 13. a4 h5 14. Qc2
h4 15. Nh2 h3 16. g3 Nh7 17. b4 cxb4 18. cxb4 Nd4 19. Qa2 Nf3 20. Be3 Nxh2
21. Kxh2 O-O-O 22. b5 Ng5 23. Bxa7 Nf3+ 24. Kh1 Nd4 25. Bxd4 exd4 26. a5 h2
27. f4 c6 28. a6 cxb5 29. axb7+ Qxb7 30. Bd5 Qb8 31. Qb3 Bd7 32. Ra8 Qxa8
33. Bxa8 Kb8 34. Qd5 Bc8 35. Qc6 Rg6 36. Qxb5+ Kxa8 37. Qa5+ Kb7 38. Qxd8
Rb6 39. Qd5+ Kb8 40. Qxd4 Rb7 41. Kxh2 { Black resigns } 1-0

[Event "ICC tourney 2260 (3 2)"]
[Site "Internet Chess Club"]
[Date "2020.12.31"]
[Round "11"]
[White "chessrex"]
[Black "xyzchessdude"]
[Result "1-0"]
[ICCResult "Black checkmated"]
[WhiteElo "1958"]
[BlackElo "1992"]
[Opening "Blackmar-Diemer gambit"]
[ECO "A45"]
[NIC "QP.07"]
[Time "14:51:43"]
[PlyCount "167"]
[TimeControl "180+2"]

1. d4 Nf6 2. f3 d5 3. e4 dxe4 4. Nc3 e6 5. fxe4 Bb4 6. Bd3 c5 7. a3 Ba5 8.
dxc5 Bxc3+ 9. bxc3 Qa5 10. Bd2 Qxc5 11. Nf3 Nc6 12. Rb1 O-O 13. Rb5 Qxa3
14. O-O a6 15. Rb3 Qe7 16. e5 Nxe5 17. Nxe5 Qc5+ 18. Kh1 Qxe5 19. Bf4 Qh5
20. Be2 Qa5 21. Qe1 Bd7 22. Rxb7 Bc6 23. Rb1 Rfd8 24. Bd3 Qd5 25. Qe2 Rac8
26. c4 Qh5 27. Qf2 Ne4 28. Qe3 f5 29. Be2 Qf7 30. Bf3 h6 31. Be5 Rd7 32.
Rbe1 Rcd8 33. Qb6 Ba8 34. Bxe4 Bxe4 35. h3 Qg6 36. Rf2 Rd2 37. Qe3 Rxf2 38.
Qxf2 Kh7 39. c5 Rc8 40. Bd6 Rc6 41. Kg1 Qf6 42. Qe3 Qg6 43. Qf2 Bd5 44. Kh2
Rc8 45. Qg3 Qxg3+ 46. Kxg3 Rc6 47. Kf4 Kg6 48. Ke5 Kf7 49. g3 Rc8 50. Rb1
g5 51. Ra1 Rc6 52. Rb1 h5 53. Rb7+ Kg6 54. Bf8 g4 55. h4 Rc8 56. Rg7+ Kh6
57. Rf7+ Kg6 58. Rf6+ Kh7 59. Be7 Re8 60. Kd6 Rc8 61. Rf7+ Kg8 62. Rf6 Re8
63. Kd7 Ra8 64. c6 Kg7 65. c7 Bb7 66. Bd8 Bc8+ 67. Ke7 a5 68. Rf7+ Kg8 69.
Rf8+ Kg7 70. Rf7+ Kg8 71. Rf6 a4 72. Rg6+ Kh7 73. Kf7 Bd7 74. Rg7+ Kh8 75.
Bf6 Be8+ 76. Ke7 Rc8 77. Rf7+ Kg8 78. Rf8+ Kh7 79. Rh8+ Kg6 80. Rg8+ Kh7
81. Rxe8 Rxc7+ 82. Kxe6 Rc6+ 83. Kf7 Ra6 84. Rh8# { Black checkmated } 1-0

[Event "ICC tourney 2260 (3 2)"]
[Site "Internet Chess Club"]
[Date "2020.12.31"]
[Round "11"]
[White "garfield92037"]
[Black "Viking21"]
[Result "1-0"]
[ICCResult "Black checkmated"]
[WhiteElo "1843"]
[BlackElo "1905"]
[Opening "Alekhine's defense: Scandinavian variation"]
[ECO "B02"]
[NIC "AL.10"]
[Time "14:52:13"]
[PlyCount "145"]
[TimeControl "180+2"]

1. e4 Nf6 2. Nc3 d5 3. exd5 Nxd5 4. d4 Nxc3 5. bxc3 g6 6. Nf3 Bg7 7. Bd3 c5
8. O-O O-O 9. Bb2 Qa5 10. Re1 Nc6 11. Qe2 Bg4 12. Be4 cxd4 13. cxd4 Nxd4
14. Bxd4 Bxd4 15. Rad1 e5 16. Bxb7 Rab8 17. Qe4 Bf5 18. Qc6 Qxa2 19. Nxd4
exd4 20. Rxd4 Qxc2 21. Rc4 Qd2 22. Rec1 Rfe8 23. Rf1 Re1 24. Rc1 Rxf1+ 25.
Rxf1 Be4 26. Qxe4 a5 27. Bd5 Rd8 28. Bb3 Rd3 29. Qe8+ Kg7 30. Qxf7+ Kh6 31.
Bc4 Rc3 32. Qf8+ Kh5 33. Be6 Rc1 34. Qf3+ Kh6 35. Qe3+ Qxe3 36. fxe3 Rc3
37. Kf2 a4 38. Ra1 a3 39. Kf3 Kg5 40. g3 Kf6 41. Bd5 Ke5 42. Ba2 h5 43. Bf7
Kf6 44. Be8 Rb3 45. Ba4 Rc3 46. Ke2 Ke5 47. Kd2 Rc4 48. Rxa3 g5 49. Bb3 Rb4
50. Ra5+ Ke4 51. Bc2+ Kf3 52. Rxg5 h4 53. Rf5+ Kg2 54. gxh4 Rxh4 55. e4
Kxh2 56. e5 Rd4+ 57. Ke3 Rd8 58. e6 Kg3 59. Re5 Kg4 60. e7 Re8 61. Ba4 Rxe7
62. Rxe7 Kg5 63. Rf7 Kg6 64. Bb3 Kg5 65. Ke4 Kg6 66. Ke5 Kh6 67. Kf6 Kh5
68. Rg7 Kh4 69. Kf5 Kh3 70. Kf4 Kh2 71. Kf3 Kh1 72. Kf2 Kh2 73. Rh7# {
Black checkmated } 1-0

[Event "ICC tourney 2260 (3 2)"]
[Site "Internet Chess Club"]
[Date "2020.12.31"]
[Round "11"]
[White "BillyC"]
[Black "Feugon"]
[Result "1-0"]
[ICCResult "Black resigns"]
[WhiteElo "1948"]
[BlackElo "1982"]
[Opening "French: Winawer, advance variation"]
[ECO "C18"]
[NIC "FR.11"]
[Time "14:51:47"]
[PlyCount "161"]
[TimeControl "180+2"]

1. e4 e6 2. d4 d5 3. Nc3 Bb4 4. e5 c5 5. a3 Bxc3+ 6. bxc3 Qa5 7. Bd2 Ne7 8.
f4 Qa4 9. Nf3 Nbc6 10. Be3 Nf5 11. Bf2 cxd4 12. cxd4 h5 13. c3 Qa5 14. Qd2
Bd7 15. Bd3 Rc8 16. O-O Nce7 17. Rfc1 b5 18. Ng5 g6 19. h3 h4 20. Nf3 a6
21. Nh2 Nc6 22. Ng4 Ncxd4 23. Nf6+ Ke7 24. Qb2 Nc6 25. Bc5+ Kd8 26. Qf2 Rb8
27. Bxf5 gxf5 28. Rab1 Be8 29. c4 dxc4 30. Rxc4 Kc7 31. Bd6+ Kb7 32. Bxb8
Nxb8 33. Qc5 Bc6 34. Qe7+ Ka8 35. Rcc1 Qb6+ 36. Qc5 Qxc5+ 37. Rxc5 Rd8 38.
Rc3 Rd2 39. Rbc1 Rxg2+ 40. Kf1 Rh2 41. Kg1 Rg2+ 42. Kf1 Rh2 43. Rxc6 Nxc6
44. Rxc6 Rxh3 45. Rxa6+ Kb7 46. Rd6 Rxa3 47. Rd7+ Kb6 48. Rxf7 b4 49. Ke2
b3 50. Kd2 Ra2+ 51. Kc1 Rf2 52. Nh5 h3 53. Rf6 h2 54. Ng3 Rg2 55. Rxe6+ Kc5
56. Rh6 Rxg3 57. Rxh2 Kd5 58. Rf2 Kc4 59. Kb2 Re3 60. Rd2 Re4 61. Rf2 Kb4
62. Rf3 Re2+ 63. Kb1 Ka3 64. Rf1 Rb2+ 65. Ka1 Ra2+ 66. Kb1 Re2 67. Ka1 Re3
68. Kb1 Rd3 69. Re1 Rd7 70. e6 Re7 71. Re3 Re8 72. e7 Kb4 73. Kb2 Kc4 74.
Re5 Kd4 75. Kxb3 Rb8+ 76. Kc2 Re8 77. Kd2 Kc4 78. Ke3 Kb4 79. Kd4 Ka4 80.
Kd5 Kb5 81. Ke6+ { Black resigns } 1-0

[Event "ICC tourney 2260 (3 2)"]
[Site "Internet Chess Club"]
[Date "2020.12.31"]
[Round "11"]
[White "Purushottam123"]
[Black "A4-H5"]
[Result "1-0"]
[ICCResult "Black checkmated"]
[WhiteElo "1663"]
[BlackElo "1999"]
[Opening "Queen's pawn: Lundin (Kevitz-Mikenas) defense"]
[ECO "A40"]
[NIC "QO.17"]
[Time "14:52:06"]
[PlyCount "187"]
[TimeControl "180+2"]

1. d4 Nc6 2. d5 Ne5 3. Bf4 Ng6 4. Bg3 c6 5. h4 Qb6 6. h5 Qxb2 7. Nd2 Ne5 8.
Rb1 Qd4 9. e3 Qxd5 10. c4 Qe6 11. Be2 Nh6 12. Ngf3 Nf5 13. Bxe5 d6 14. Bf4
h6 15. g4 Qd7 16. gxf5 Qxf5 17. Nh4 Qf6 18. Ne4 Qe6 19. Bf3 f5 20. Ng3 Qf7
21. Ng6 Rg8 22. e4 e5 23. Bd2 f4 24. Ne2 Be7 25. Qc2 Bf6 26. c5 d5 27. Qb3
d4 28. Qxf7+ Kxf7 29. Nc1 Rb8 30. Nd3 Re8 31. Ke2 b6 32. Rhc1 b5 33. a4 a6
34. axb5 Rxb5 35. Rxb5 axb5 36. Ra1 Be6 37. Ra7+ Kg8 38. Rc7 Bc4 39. Rxc6
Ra8 40. Bb4 Kh7 41. Bg4 Ra2+ 42. Bd2 Ra8 43. Bf5 Kg8 44. Rb6 Re8 45. c6 f3+
46. Kxf3 Bxd3 47. c7 Kf7 48. c8=Q Rxc8 49. Bxc8 Bc4 50. Bb4 Bd8 51. Rb7+
Kf6 52. Be7+ Bxe7 53. Nxe7 Kg5 54. Nf5 Kxh5 55. Nxg7+ Kg6 56. Bf5+ Kf6 57.
Nh5+ Kg5 58. Ng3 d3 59. Ke3 d2 60. Kxd2 Kf4 61. Ne2+ Kf3 62. Nc3 Kxf2 63.
Nxb5 h5 64. Nd6 Be2 65. Rh7 Bf3 66. Kd3 Kg3 67. Bg6 Kh4 68. Nf5+ Kg5 69.
Bf7 Kf4 70. Bxh5 Bxe4+ 71. Ke2 Bxf5 72. Rf7 Kg5 73. Ke3 Be6 74. Re7 Kf6 75.
Re8 Bd7 76. Rd8 Ke7 77. Rb8 Bc6 78. Bf3 Ba4 79. Rb7+ Kd6 80. Be4 Be8 81.
Rb8 Bd7 82. Kd3 Bh3 83. Rh8 Bf1+ 84. Kc3 Bb5 85. Rh6+ Ke7 86. Kb4 Be8 87.
Kc5 Bf7 88. Bd5 Be8 89. Re6+ Kd7 90. Rxe5 Kd8 91. Kd6 Bd7 92. Re7 Be6 93.
Bc6 Bc8 94. Re8# { Black checkmated } 1-0